 Dungeon Crawl Stone Soup version 0.29.0-13-gc9e81de378 (webtiles) character file.

Game seed: 11880295901449916342

52199 DKP the Thaumaturge (level 15, -10/126 HPs)
             Began as a Djinni Fire Elementalist on Sept 9, 2022.
             Was a High Priest of Ashenzari.
             Mangled by a boulder beetle (56 damage)
             ... on level 13 of the Dungeon.
             The game lasted 01:53:07 (25354 turns).

DKP the Thaumaturge (Djinni Fire Elementalist)     Turns: 25354, Time: 01:53:07

Health: -10/126    AC: 16    Str:  9    XL:     15   Next: 5%
Gold:   1339       EV: 20    Int: 21    God:    Ashenzari [*****.] SH:  5 Dex: 15

rFire   + + .      SeeInvis +   o - +4 whip "Urgency of Ashenzari" {flame, rElec, Cun, Self} (curse)
rCold   . . .      Faith    .   p - orb of the Unmoving One {mayhem, Self, Fort} (curse)
rNeg    + . .      Spirit   .   N - +2 robe "At What Cost Knowledge?" {rC+, Self, Cun} (curse)
rPois   ∞          Reflect  +   s - +2 helmet "Chained With Me" {Evo, Fort} (curse)
rElec   +          Harm     .   x - +2 cloak "Chained With Me" {Self, Evo} (curse)
rCorr   .          Rampage  .   I - +2 pair of gloves
Will    +....      Clarity  +   (boots unavailable)
Stlth   +++++.....              A - amulet of the Mantic Paranoia {Reflect SH+5, Fort, Self} (curse)
HPRegen 0.31/turn               u - ring "Shackled Fortune-Teller" {rN+, Cun, Fort} (curse)
MPRegen 0.00/turn               (no ring)

@: flying, studying Throwing
A: sickness immunity, fire resistance 2, cold vulnerability 1, float, innate
caster, HP casting, extra vitality 1
a: Renounce Religion, Shatter the Chains


You were on level 13 of the Dungeon.
You worshipped Ashenzari.
Ashenzari was extremely pleased with you.
You visited 3 branches of the dungeon, and saw 19 of its levels.

You collected 1459 gold pieces.
You spent 120 gold pieces at shops.

Inventory:

Hand Weapons
 o - the cursed +4 whip "Urgency of Ashenzari" (weapon) {flame, rElec, Cun, Self}
   (You found it on level 2 of the Dungeon)

   It burns those it strikes, dealing additional fire damage.
   rElec:     It insulates you from electricity.
   It has a curse which improves the following skills: Cunning: Dodging and
   Stealth.
   Introspection: Fighting and Spellcasting.
Missiles
 y - 2 throwing nets
Armour
 a - a +2 robe
 g - a +5 kite shield
 p - the cursed orb of the Unmoving One (worn) {mayhem, Self, Fort}
   (You found it on level 3 of the Dungeon)

   It has a curse which improves the following skills: Introspection: Fighting
   and Spellcasting.
   Fortitude: Armour and Shields.
 s - the cursed +2 helmet "Chained With Me" (worn) {Evo, Fort}
   (You found it on level 3 of the Dungeon)

   It has a curse which improves the following skills: Evocations: Evocations.
   Fortitude: Armour and Shields.
 x - the cursed +2 cloak "Chained With Me" (worn) {Self, Evo}
   (You found it on level 6 of the Dungeon)

   It has a curse which improves the following skills: Introspection: Fighting
   and Spellcasting.
   Evocations: Evocations.
 I - a +2 pair of gloves (worn)
 N - the cursed +2 robe "At What Cost Knowledge?" (worn) {rC+, Self, Cun}
   (You took it off Fannar on level 2 of the Lair of Beasts)

   It has a curse which improves the following skills: Introspection: Fighting
   and Spellcasting.
   Cunning:   Dodging and Stealth.
 O - the +3 hat of Pondering {ponderous, Will+ MP+10 Int+5}
   (You took it off Gastronok on level 2 of the Lair of Beasts)

   Int:       It affects your intelligence (+5).
   MP:        It affects your magic capacity (+10).
   Will:      It increases your willpower.
 U - a +2 robe of cold resistance
Jewellery
 u - the cursed ring "Shackled Fortune-Teller" (left hand) {rN+, Cun, Fort}
   (You found it on level 4 of the Dungeon)

   [ring of positive energy]

   rN:        It protects you from negative energy.
   It has a curse which improves the following skills: Cunning: Dodging and
   Stealth.
   Fortitude: Armour and Shields.
 A - the cursed amulet of the Mantic Paranoia (around neck) {Reflect SH+5, Fort, Self}
   (You found it on level 7 of the Dungeon)

   [amulet of reflection]

   It reflects blocked missile attacks.
   SH:        It affects your SH (+5).
   It has a curse which improves the following skills: Fortitude: Armour and
   Shields.
   Introspection: Fighting and Spellcasting.
 B - an amulet of the acrobat
 M - a ring of ice
 Q - an amulet of regeneration
Wands
 n - a wand of roots (10)
 L - a wand of charming (1)
 R - a wand of mindburst (4)
Scrolls
 c - a scroll of blinking
 d - 4 scrolls of magic mapping
 i - 2 scrolls of brand weapon
 j - a scroll of summoning
 m - 5 scrolls of vulnerability
 q - 5 scrolls of teleportation
 w - 3 scrolls of fog
 z - 2 scrolls of poison
 D - 3 scrolls of immolation
 E - a scroll of torment
 J - 2 scrolls of enchant weapon
 P - a scroll of silence
 V - a scroll of fear
Potions
 b - 2 potions of lignification
 f - 2 potions of cancellation
 h - 3 potions of heal wounds
 k - 4 potions of might
 l - 8 potions of curing
 r - 3 potions of resistance
 t - 2 potions of attraction
 v - 3 potions of haste
 C - 3 potions of ambrosia
 F - a potion of berserk rage
 H - 3 potions of invisibility
 K - 2 potions of brilliance
 S - a potion of mutation
Miscellaneous
 e - a condenser vane
 G - a phial of floods
 T - a phantom mirror


   Skills:
 + Level 11.6(18.0) Fighting
 + Level 8.2(13.6) Armour
 + Level 11.5(16.0) Dodging
 - Level 6.8(11.3) Stealth
 - Level 3.4(8.0) Shields
 * Level 13.1(19.5) Spellcasting
 + Level 1.5(3.8) Evocations


You had 15 spell levels left.
You knew the following spells:

 Your Spells              Type           Power      Damage    Failure   Level
a - Foxfire               Conj/Fire      100%       2x1d9     0%          1
b - Scorch                Fire           100%       2d10      0%          2
c - Conjure Flame         Conj/Fire      80%        6-21      0%          3
d - Inner Flame           Hex/Fire       80%        N/A       0%          3
e - Flame Wave            Conj/Fire      80%        2d17      0%          4
f - Apportation           Tloc           100%       N/A       0%          1
g - Passwall              Tmut/Erth      66%        N/A       0%          2
h - Gell's Gravitas       Tloc           80%        N/A       0%          3
i - Ice Form              Ice/Tmut       80%        N/A       0%          4
j - Dispel Undead         Necr           80%        3d26      0%          4
k - Irradiate             Conj/Tmut      40%        3d25      1%          5
l - Simulacrum            Ice/Necr       40%        N/A       1%          6
Your spell library was empty.

Dungeon Overview and Level Annotations

Branches:
Dungeon (13/15)            Temple (1/1) D:6            Lair (5/5) D:10
  Swamp (0/4) Lair:2        Snake (0/4) Lair:3        Slime (0/5) Lair:5
    Orc (0/2) D:12
 Vaults: D:13-14

Altars:
Ashenzari
Cheibriados
Dithmenos
Elyvilon
Fedhas
Gozag
Hepliaklqana
Makhleb
Nemelex Xobeh
Okawaru
Qazlal
Ru
Trog
Uskayaw
Wu Jian
Xom
Yredelemnul
Zin
The Shining One
Jiyva

Shops:
D:12 *!


Innate Abilities, Weirdness & Mutations

You are immune to sickness and miasma.
You are immune to poison.
Your flesh is very heat resistant. (rF++)
You are vulnerable to cold. (rC-)
You float through the air rather than walking.
You learn spells naturally, not from books.
Your magical power is your life essence.
You have superior vitality. (+4 MHP)


Message History

Casting: Foxfire (safe; 0% risk of failure)
Press: ? - help, Q - select action, (/) - cycle Dir - look around, f - activate You conjure some foxfire!
The foxfire hits the boulder beetle but does no damage.
The boulder beetle is moderately wounded.
Your foxfire dissipates!
The foxfire hits the boulder beetle but does no damage.
The boulder beetle is moderately wounded.
Casting: Foxfire (safe; 0% risk of failure)
Press: ? - help, Q - select action, (/) - cycle Dir - look around, f - activate You conjure some foxfire!
The foxfire hits the boulder beetle but does no damage.
The boulder beetle is moderately wounded.
The foxfire hits the boulder beetle but does no damage.
The boulder beetle is moderately wounded.
Casting: Foxfire (safe; 0% risk of failure)
Press: ? - help, Q - select action, (/) - cycle Dir - look around, f - activate You conjure some foxfire!
The foxfire hits the boulder beetle but does no damage.
The boulder beetle is moderately wounded.
The foxfire hits the boulder beetle.
Flame seeps out of the boulder beetle.
The boulder beetle is moderately wounded.
Casting: Foxfire (safe; 0% risk of failure)
Confirm with . or Enter, or press ? or * to list all spells.
Flames lash the boulder beetle.
Flame seeps out of the boulder beetle.
The boulder beetle is moderately wounded.
The boulder beetle's fire resistance burns away.
The foxfire hits the boulder beetle but does no damage.
The boulder beetle is moderately wounded.
The foxfire hits the boulder beetle but does no damage.
The boulder beetle is moderately wounded.
The boulder beetle is engulfed in blazing flames.
Flame seeps out of the boulder beetle.
Casting: Scorch (safe; 0% risk of failure)
Confirm with . or Enter, or press ? or * to list all spells.
Flames lash the boulder beetle.
The boulder beetle is burned terribly!
Flame seeps out of the boulder beetle.
The boulder beetle is severely wounded.
The boulder beetle hits you!!!
You die...

, ,
..................
,, ,,, ,
*##########..######
* ######..## * ,
####..## * ,
####..#####
*########..##### * ,
,,
..........#########
*** , ,, ,
......^............
, , ,
....°○B@§....).....
,, * **
*.#############.####
* ##########.# ,*
######## *, * * * *
** * ** *,* , , ,,
,,,,, ,, ,, ,** ** ,
, , ,, ,


You could see a boulder beetle (rolling, inner flame, combustible, simulacrum).

Vanquished Creatures
  Gastronok (Lair:2)
  A fire dragon (Lair:5)
  Fannar (Lair:2)
  Erolcha (D:13)
  Harold (Lair:2)
  3 hydras
  A two-headed ogre (D:8)
  Erica (D:11)
  A fire crab (Lair:5)
  Sonja (D:11)
  3 skeletal warriors (D:9)
  Pikel (D:4)
  2 bog bodies (Lair:2)
  2 lindwurms (Lair:5)
  A deep elf pyromancer (D:12)
  2 manticores
  4 black mambas
  4 torpor snails (Lair:5)
  3 elephants (Lair:3)
  8 cane toads
  A gargoyle (D:10)
  Maggie (D:7)
  Psyche (D:11)
  A kobold demonologist (D:13)
  11 komodo dragons
  2 rime drakes
  2 trolls (D:12)
  8 hornets
  6 polar bears (Lair:5)
  3 tyrant leeches (Lair:5)
  3 raiju (Lair:5)
  5 slime creatures
  Prince Ribbit (D:6)
  29 blink frogs
  9 yaks
  3 wraiths
  3 shadows
  5 wyverns
  A vampire (D:9)
  2 basilisks (Lair:4)
  2 steam dragons
  7 vampire mosquitoes
  Menkaure (D:6)
  4 nagas (Lair:3)
  3 wargs (Lair:5)
  3 acid dragons
  4 water moccasins
  12 hell hounds (Lair:5)
  10 orc warriors
  An ice beast (D:7)
  7 ogres
  9 black bears
  9 wolves (Lair:5)
  5 centaurs
  3 lemures (D:4)
  A phantom (D:6)
  2 kobold brigands (D:12)
  11 bullfrogs
  A gnoll sergeant (D:12)
  3 scorpions
  23 wights
  A killer bee (D:9)
  5 howler monkeys
  An electric eel (Lair:1)
  4 jellies
  11 orc priests
  2 gnoll boudas
  3 hounds
  4 iguanas
  17 orc wizards
  5 hell rats (Lair:1)
  8 gnolls
  8 adders
  50 orcs
  6 endoplasms
  4 giant cockroaches
  5 goblins
  2 hobgoblins
  5 kobolds
  4 quokkas
  4 ball pythons
  4 bats
  4 frilled lizards
  A rat (D:3)
  A bush (Lair:5)
419 creatures vanquished.

Vanquished Creatures (collateral kills)
  A centaur warrior (D:13)
  An ugly thing (D:13)
  A torpor snail (Lair:5)
  A komodo dragon (D:12)
  3 polar bears (Lair:5)
  3 yaks
  A basilisk (Lair:5)
  A warg (Lair:5)
  A water moccasin (Lair:5)
  A hell hound (Lair:5)
  2 black bears (Lair:5)
  A wolf (Lair:5)
  A lemure (D:4)
  2 wights (D:7)
  2 killer bees (D:9)
  2 orc priests (D:9)
  Ijyb (D:5)
  A hell rat (Lair:1)
  3 orcs
  5 foxfires
34 creatures vanquished.

Vanquished Creatures (others)
  A hell hound (Lair:5)
  A black bear (Lair:5)
  3 wolves (Lair:5)
  A jelly (D:5)
  An orc (D:10)
  A hobgoblin (D:3)
  795 foxfires
  7 fungi
  54 plants
864 creatures vanquished.

Grand Total: 1317 creatures vanquished

Notes
Turn   | Place    | Note
-------+----------+-------------------------------------------
     0 | D:1      | DKP the Djinni Fire Elementalist began the quest for the
                  | Orb.
     0 | D:1      | DKP set off with the following spells memorised: Foxfire,
                  | Scorch, Conjure Flame, Inner Flame, Flame Wave.
     0 | D:1      | Reached XP level 1. HP: 15/15 MP: 0/0
   136 | D:1      | Found a faded altar of an unknown god.
   415 | D:1      | Reached XP level 2. HP: 17/21 MP: 0/0
   774 | D:2      | Reached skill level 3 in Spellcasting
  1115 | D:2      | Reached XP level 3. HP: 23/25 MP: 0/0
  1115 | D:2      | Learned a level 1 spell: Apportation
  1782 | D:2      | Identified the +4 whip "Rihauza" {flame, rElec}
  2059 | D:3      | Reached skill level 1 in Fighting
  2059 | D:3      | Reached XP level 4. HP: 28/32 MP: 0/0
  2064 | D:3      | Reached XP level 5. HP: 14/37 MP: 0/0
  2064 | D:3      | Learned a level 2 spell: Passwall
  2077 | D:3      | Found a large runed translucent door.
  2077 | D:3      | Found a large runed translucent door.
  2080 | D:3      | Reached skill level 4 in Spellcasting
  2320 | D:3      | Found a basalt altar of Yredelemnul.
  2344 | D:3      | Found a blossoming altar of Fedhas.
  3334 | D:4      | Noticed Pikel
  3335 | D:4      | Noticed a lemure
  3335 | D:4      | Noticed a lemure
  3337 | D:4      | Noticed a lemure
  3340 | D:4      | Killed a lemure
  3340 | D:4      | Killed a lemure
  3340 | D:4      | Killed a lemure
  3340 | D:4      | Killed a lemure
  3452 | D:4      | Killed Pikel
  3453 | D:4      | Reached skill level 5 in Spellcasting
  3453 | D:4      | Reached XP level 6. HP: 25/47 MP: 0/0
  3453 | D:4      | Reached XP level 7. HP: 28/52 MP: 0/0
  3453 | D:4      | Learned a level 3 spell: Gell's Gravitas
  3598 | D:4      | Reached XP level 8. HP: 34/58 MP: 0/0
  3928 | D:4      | Found an iron altar of Okawaru.
  4410 | D:5      | Entered Level 5 of the Dungeon
  4421 | D:5      | Reached skill level 6 in Spellcasting
  4766 | D:5      | Reached skill level 5 in Fighting
  5655 | D:5      | Reached skill level 7 in Spellcasting
  5655 | D:5      | Noticed Ijyb
  5664 | D:5      | Killed Ijyb
  6178 | D:5      | Found a hazy altar of Hepliaklqana.
  6233 | D:6      | Noticed Prince Ribbit
  6236 | D:6      | Killed Prince Ribbit
  6237 | D:6      | Reached XP level 9. HP: 45/66 MP: 0/0
  6237 | D:6      | Learned a level 4 spell: Ice Form
  6427 | D:6      | Noticed Menkaure
  6430 | D:6      | Killed Menkaure
  7050 | D:6      | Found a staircase to the Ecumenical Temple.
  7162 | Temple   | Entered the Ecumenical Temple
  7276 | Temple   | Became a worshipper of Ashenzari the Shackled
  7420 | D:6      | You are sucked into a shaft and drop 2 floors!
  7426 | D:8      | Noticed a hornet
  7490 | D:8      | Reached skill level 8 in Spellcasting
  7662 | D:8      | Noticed a two-headed ogre
  8119 | D:7      | Reached skill level 5 in Dodging
  8119 | D:7      | Reached XP level 10. HP: 64/73 MP: 0/0
  8409 | D:7      | Noticed Maggie
  8416 | D:7      | Killed Maggie
  9182 | D:7      | Reached skill level 9 in Spellcasting
  9492 | D:7      | Found a sacrificial altar of Ru.
  9492 | D:7      | Found an ornate altar of the Wu Jian Council.
  9529 | D:8      | Killed a two-headed ogre
 10017 | D:8      | Reached XP level 11. HP: 77/81 MP: 0/0
 10017 | D:8      | Learned a level 4 spell: Dispel Undead
 10694 | D:9      | Reached skill level 1 in Armour
 11347 | D:9      | Noticed a skeletal warrior
 11351 | D:9      | Noticed a skeletal warrior
 11352 | D:9      | Killed a skeletal warrior
 11353 | D:9      | Reached skill level 10 in Spellcasting
 11357 | D:9      | Killed a skeletal warrior
 11360 | D:9      | Noticed a skeletal warrior
 11696 | D:9      | Killed a skeletal warrior
 12267 | D:10     | Entered Level 10 of the Dungeon
 12317 | D:10     | Reached * piety under Ashenzari
 12898 | D:10     | Found a staircase to the Lair.
 13128 | D:10     | Found a burning altar of Makhleb.
 13208 | D:10     | Reached ** piety under Ashenzari
 13494 | Lair:1   | Entered Level 1 of the Lair of Beasts
 13511 | Lair:1   | Noticed a seven-headed hydra
 13513 | Lair:1   | Killed a seven-headed hydra
 13514 | Lair:1   | Reached XP level 12. HP: 47/94 MP: 0/0
 14771 | Lair:2   | Noticed Harold
 14778 | Lair:2   | Killed Harold
 14787 | Lair:2   | Reached skill level 1 in Shields
 15062 | Lair:2   | Reached *** piety under Ashenzari
 15097 | Lair:2   | Noticed Fannar
 15105 | Lair:2   | Identified the cursed +2 helmet "Chained With Me" {Evo,
                  | Fort} (You found it on level 3 of the Dungeon)
 15105 | Lair:2   | Identified the cursed orb of the Unmoving One {mayhem,
                  | Self, Fort} (You found it on level 3 of the Dungeon)
 15105 | Lair:2   | Killed Fannar
 15106 | Lair:2   | Reached skill level 11 in Spellcasting
 15207 | Lair:2   | Noticed Gastronok
 15225 | Lair:2   | Killed Gastronok
 15315 | Lair:2   | Reached skill level 5 in Armour
 15425 | Lair:2   | Found a staircase to the Swamp.
 16091 | Lair:3   | Reached XP level 13. HP: 56/103 MP: 0/0
 16091 | Lair:3   | Learned a level 5 spell: Irradiate
 16348 | Lair:3   | Reached skill level 10 in Fighting
 16719 | Lair:3   | Found a staircase to the Snake Pit.
 18231 | Lair:4   | Reached skill level 10 in Dodging
 18231 | Lair:4   | Reached skill level 5 in Stealth
 18703 | Lair:5   | Entered Level 5 of the Lair of Beasts
 18818 | Lair:5   | Reached **** piety under Ashenzari
 18842 | Lair:5   | Reached skill level 12 in Spellcasting
 18881 | Lair:5   | Found a viscous altar of Jiyva.
 19587 | Lair:5   | Noticed a five-headed hydra
 19592 | Lair:5   | Killed a five-headed hydra
 19809 | Lair:5   | Found a staircase to the Slime Pits.
 20009 | Lair:5   | Reached XP level 14. HP: 106/114 MP: 0/0
 20129 | Lair:5   | Found a runed translucent door.
 20136 | Lair:5   | Identified the cursed +2 robe "At What Cost Knowledge?"
                  | {rC+, Self, Cun} (You took it off Fannar on level 2 of the
                  | Lair of Beasts)
 21814 | Lair:5   | Identified the +4 great sword of the Asp {venom, Fly rC+}
 22967 | D:11     | Identified the +1 morningstar of Buodgh {flame, rPois rCorr
                  | Int-2}
 23036 | D:11     | Noticed Psyche
 23038 | D:11     | Noticed Erica
 23042 | D:11     | Killed Psyche
 23043 | D:11     | Killed Erica
 23305 | D:11     | Noticed Sonja
 23309 | D:11     | Killed Sonja
 24272 | D:12     | Identified the +10 great sword of Righteous Fury {drain,
                  | rN+ rCorr}
 24470 | D:12     | Found Angothed's Distillery.
 24483 | D:12     | Bought a potion of invisibility for 120 gold pieces
 24696 | D:12     | Reached ***** piety under Ashenzari
 24733 | D:12     | Found a staircase to the Orcish Mines.
 24736 | D:12     | Reached skill level 13 in Spellcasting
 24820 | D:12     | Found Xiklec's Assorted Antiques.
 25131 | D:13     | Reached skill level 1 in Evocations
 25241 | D:13     | Noticed Erolcha
 25252 | D:13     | Killed Erolcha
 25323 | D:13     | Reached XP level 15. HP: 97/126 MP: 0/0
 25323 | D:13     | Learned a level 6 spell: Simulacrum
 25354 | D:13     | Mangled by a boulder beetle

Illustrated notes

Levels and vault maps discovered:
D:1:      evilmike_arrival_crescent, layout_basic,
          shapermc_ecumenical_altar_mp_urbaneastern
D:2:      layout_basic
D:3:      layout_loops_ring, jmf_multi_god_temple2, grunt_ministairs_11
D:4:      layout_loops_cross, okawaru_ov_weapons_minmay, uniq_pikel
D:5:      kennysheep_big_flooded_room, layout_layer_cave,
          hangedman_feature_mirror, uniq_ijyb
D:6:      layout_loops_ring, minmay_temple_entry_mist, uniq_menkaure,
          uniq_prince_ribbit1
D:7:      layout_basic, gammafunk_temple_overflow_pools, uniq_maggie
D:8:      layout_loops_ring, bh_walls_and_bars
D:9:      layout_roguey
D:10:     layout_loops_ring, lightli_temple_of_fire, dpeg_oklobed_lair,
          roderic_roman_lattice
D:11:     layout_layer_cave, hangedman_decor_slide_cut, uniq_erica, uniq_sonja,
          uniq_psyche
D:12:     layout_long_grid, kennysheep_orc_monster_closet_entryway,
          serial_shops, shop, nicolae_shop_crystal
D:13:     layout_long_grid, lightli_vaults_fourway_checkpoint,
          nicolae_wu_jian_immortal_techniques, uniq_erolcha
Temple:   nicolae_temple_bog_church
Lair:1:   layout_regular_city, chequers_serial_rivers_room_a,
          hibernation_bobbens, infiniplex_staircase_pool
Lair:2:   layout_layer_cave, skrybe_swamp_entry_bodies, lemuel_fruit_fields,
          uniq_fannar, uniq_harold, uniq_gastronok
Lair:3:   layout_chaotic_city, minmay_snake_entry_guardpost_small
Lair:4:   layout_hall_layers, lemuel_fruit_tree
Lair:5:   hangedman_lair_caniforms_friends, layout_gridlike, wormcave,
          slime_entry_1

Skill      XL: |  1  2  3  4  5  6  7  8  9 10 11 12 13 14 |
---------------+-------------------------------------------+-----
Spellcasting   | 3 5 7 8 9 10 11 12 13 | 13.1
Fighting       | 1 4 5 6 8 9 10 11 | 11.6
Dodging        | 3 5 6 8 9 10 11 | 11.5
Armour         | 3 5 6 8 |  8.2
Stealth        | 2 4 5 6 |  6.8
Shields        | 3 |  3.4
Evocations     | 1 |  1.5

Action                   |  1- 3 |  4- 6 |  7- 9 | 10-12 | 13-15 || total
-------------------------+-------+-------+-------+-------+-------++-------
Melee: Whip              |       |       |       |     3 |     4 ||     7
 Cast: Foxfire           |    48 |    28 |    82 |   126 |   194 ||   478
       Scorch            |     8 |    19 |    47 |    97 |   134 ||   305
       Inner Flame       |       |     6 |    16 |    80 |   127 ||   229
       Passwall          |       |     1 |       |       |       ||     1
       Flame Wave        |       |       |     2 |     9 |     9 ||    20
       Conjure Flame     |       |       |     5 |     4 |       ||     9
       Gell's Gravitas   |       |       |     6 |    11 |    24 ||    41
       Ice Form          |       |       |     2 |     1 |     1 ||     4
       Dispel Undead     |       |       |       |     4 |     1 ||     5
       Irradiate         |       |       |       |       |    16 ||    16
       Simulacrum        |       |       |       |       |     2 ||     2
Invok: Curse Item        |       |       |       |     4 |     3 ||     7
 Abil: End Transformatio |       |       |       |     1 |     1 ||     2
Evoke: Wand              |       |       |       |       |     3 ||     3
  Use: Scroll            |       |     1 |     8 |     6 |     8 ||    23
       Potion            |       |       |       |     1 |     2 ||     3
Armor: Robe              |     1 |     2 |     8 |     7 |    24 ||    42
Dodge: Dodged            |     1 |     7 |     7 |    35 |    62 ||   112
Block: Orb               |       |       |       |     4 |    10 ||    14
       Reflection        |       |       |       |     1 |     1 ||     2
